PA
GRIM REAPERS @ MANCELONA TORCH
05/21/2023
 
TOP OF THE 1ST
Grim Reapers batting - Pitching for Mancelona Torch : LHP Manuel Cruz
Pitching: LHP Manuel Cruz
Batting: RHB Javier Medine 0-0: Ball
1-0: Ball
2-0: Called Strike
2-1: Foul Ball, location: 2F
2-2: Ball
3-2: Fly out, F3 (Popup, 3DF)
Batting: LHB Edgardo Díaz 0-0: Reached on error, E6 (Groundball, 6M)
Batting: RHB Blair Sweeny Pickoff Throw to First - Out!
0-0: Called Strike
0-1: Foul Ball, location: 2F
0-2: Foul Ball, location: 2F
0-2: SINGLE (Line Drive, 4D)
Batting: RHB Alberto Rodríguez 0-0: Swinging Strike
0-1: Called Strike
0-2: Ball
1-2: Ball
2-2: Ball
3-2: SINGLE (Line Drive, 8LS)
Blair Sweeny to second
Blair Sweeny to third
Batting: RHB Bill Allen 0-0: Called Strike
0-1: Ball
1-1: Foul Ball, location: 2F
1-2: Strikes out looking
Top of the 1st over - 0 run(s), 2 hit(s), 1 error(s), 2 left on base; Grim 0 - Mancelona 0
BOTTOM OF THE 1ST
Mancelona Torch batting - Pitching for Grim Reapers : RHP Dave Seals
Pitching: RHP Dave Seals
Batting: RHB Jorge Saldaña 0-0: Fly out, F9 (Flyball, 89S)
Batting: RHB Jim Unknown 0-0: Called Strike
0-1: Swinging Strike
0-2: Strikes out swinging
Batting: LHB Manuel Carmona 0-0: Ground out U3 (Groundball, 3L)
Bottom of the 1st over - 0 run(s), 0 hit(s), 0 error(s), 0 left on base; Grim 0 - Mancelona 0
TOP OF THE 2ND
Grim Reapers batting - Pitching for Mancelona Torch : LHP Manuel Cruz
Batting: RHB Raúl Moreno 0-0: Ball
1-0: Called Strike
1-1: Ball
2-1: Foul Ball, location: 2F
2-2: Strikes out swinging
Batting: SHB Anthony Hopkins 0-0: Called Strike
0-1: Ground out 4-3 (Groundball, 4M)
Batting: RHB Jules Winnfield 0-0: Called Strike
0-1: Ground out 6-3 (Groundball, 6)
Top of the 2nd over - 0 run(s), 0 hit(s), 0 error(s), 0 left on base; Grim 0 - Mancelona 0
BOTTOM OF THE 2ND
Mancelona Torch batting - Pitching for Grim Reapers : RHP Dave Seals
Batting: RHB Juan Carlos Cruz 0-0: Ball
1-0: Foul Ball, location: 2F
1-1: Swinging Strike
1-2: Reached on error, E6 (Groundball, 6)
Batting: RHB Ron Thomas 0-0: Ball
1-0: Called Strike
1-1: Ball
2-1: Ball
3-1: Base on Balls
Juan Carlos Cruz to second
Batting: RHB Henry Lambright 0-0: Called Strike
0-1: Ball
1-1: Ball
2-1: Fly out, F7 (Flyball, 78S)
Batting: LHB Jim Unknown 0-0: SINGLE (Flyball, 6MD)
Juan Carlos Cruz to third
Ron Thomas to second
Runner from 3rd tries for Home, SAFE, throw made home
Ron Thomas to third
Jim Unknown to second
Batting: RHB Bert Cook 0-0: Called Strike
0-1: Fly out, F8 (Flyball, 8RM)
Runner from 3rd tags up, SCORES, throw made
Batting: LHB José Hernández 0-0: Ball
1-0: Ground out 6-3 (Groundball, 6)
Bottom of the 2nd over - 2 run(s), 1 hit(s), 1 error(s), 1 left on base; Grim 0 - Mancelona 2
TOP OF THE 3RD
Grim Reapers batting - Pitching for Mancelona Torch : LHP Manuel Cruz
Batting: RHB Santo Alba 0-0: Called Strike
0-1: Foul Ball, location: 2F
0-2: Ball
1-2: SINGLE (Flyball, 9S)
Batting: RHB Javier Medine 0-0: Called Strike
0-1: Ball
1-1: Foul Ball, location: 2F
1-2: Strikes out looking
Batting: LHB Edgardo Díaz 0-0: Called Strike
Santo Alba steals 2nd base
0-1: Swinging Strike
0-2: Ball
1-2: Ball
2-2: Ball
Wild Pitch!
Santo Alba to third
3-2: SINGLE (Groundball, 34D)
Santo Alba scores
Batting: RHB Blair Sweeny 0-0: Called Strike
0-1: Ball
1-1: Called Strike
1-2: DOUBLE (Flyball, 9LS)
Edgardo Díaz to third
Batting: RHB Alberto Rodríguez 0-0: SINGLE (Line Drive, 6MD)
Edgardo Díaz scores
Blair Sweeny to third
Batting: RHB Bill Allen 0-0: Ball
1-0: Called Strike
Alberto Rodríguez steals 2nd base
1-1: Ball
2-1: Ball
3-1: DOUBLE (Groundball, 5L)
Blair Sweeny scores
Alberto Rodríguez scores
Batting: RHB Raúl Moreno 0-0: Ball
Bill Allen steals 3rd base
1-0: Fly out, F7 (Flyball, 7S)
Batting: SHB Anthony Hopkins 0-0: Ball
1-0: Swinging Strike
1-1: Ball
2-1: Ball
3-1: Called Strike
3-2: Strikes out swinging
Top of the 3rd over - 4 run(s), 5 hit(s), 0 error(s), 1 left on base; Grim 4 - Mancelona 2
BOTTOM OF THE 3RD
Mancelona Torch batting - Pitching for Grim Reapers : RHP Dave Seals
Batting: RHB Jorge Saldaña 0-0: Ball
1-0: Ball
2-0: Ball
3-0: Called Strike
3-1: Fly out, F8 (Flyball, 89D)
Batting: RHB Jim Unknown 0-0: Foul Ball, location: 2F
0-1: Ball
1-1: Foul Ball, location: 2F
1-2: Foul Ball, location: 2F
1-2: Foul Ball, location: 2F
1-2: Fly out, F8 (Line Drive, 8LM)
Batting: LHB Manuel Carmona 0-0: SINGLE (Popup, 6MD)
Batting: RHB Juan Carlos Cruz 0-0: Ball
Manuel Carmona is caught stealing 2nd base
Bottom of the 3rd over - 0 run(s), 1 hit(s), 0 error(s), 0 left on base; Grim 4 - Mancelona 2
TOP OF THE 4TH
Grim Reapers batting - Pitching for Mancelona Torch : LHP Manuel Cruz
Batting: RHB Jules Winnfield 0-0: Called Strike
0-1: Ball
1-1: SINGLE (Groundball, 15S) (infield hit)
Batting: RHB Santo Alba 0-0: Called Strike
0-1: Called Strike
0-2: Foul Ball, location: 2F
0-2: Ball
Jules Winnfield is caught stealing 2nd base
1-2: Foul Ball, location: 2F
1-2: Strikes out swinging
Batting: RHB Javier Medine 0-0: Ball
1-0: Ball
2-0: Ball
3-0: Base on Balls
Batting: LHB Edgardo Díaz 0-0: Called Strike
0-1: Ball
1-1: Ball
2-1: Foul Ball, location: 2F
2-2: Strikes out swinging
Top of the 4th over - 0 run(s), 1 hit(s), 0 error(s), 1 left on base; Grim 4 - Mancelona 2
BOTTOM OF THE 4TH
Mancelona Torch batting - Pitching for Grim Reapers : RHP Dave Seals
Batting: RHB Juan Carlos Cruz 0-0: Called Strike
0-1: Foul Ball, location: 2F
0-2: Ball
1-2: Ball
2-2: Strikes out swinging
Batting: RHB Ron Thomas 0-0: Called Strike
0-1: Foul Ball, location: 2F
0-2: Strikes out swinging
Batting: RHB Henry Lambright 0-0: Ball
1-0: Ball
2-0: Called Strike
2-1: Foul Ball, location: 2F
2-2: Foul Ball, location: 2F
2-2: SINGLE (Groundball, 56)
Batting: LHB Jim Unknown 0-0: Swinging Strike
0-1: Foul Ball, location: 2F
0-2: Ball
1-2: Ball
2-2: Fly out, F7 (Flyball, 78M)
Bottom of the 4th over - 0 run(s), 1 hit(s), 0 error(s), 1 left on base; Grim 4 - Mancelona 2
TOP OF THE 5TH
Grim Reapers batting - Pitching for Mancelona Torch : LHP Manuel Cruz
Batting: RHB Blair Sweeny 0-0: Ball
1-0: Called Strike
1-1: Foul Ball, location: 2F
1-2: Ground out 6-3 (Groundball, 6)
Batting: RHB Alberto Rodríguez 0-0: Called Strike
0-1: DOUBLE (Groundball, 5L)
Batting: RHB Bill Allen 0-0: Ball
1-0: Ball
2-0: Called Strike
2-1: Foul Ball, location: 2F
2-2: Fly out, F9 (Flyball, 9LMF)
Batting: RHB Raúl Moreno 0-0: Ball
1-0: Foul Ball, location: 2F
1-1: Fly out, F6 (Popup, 6MD)
Top of the 5th over - 0 run(s), 1 hit(s), 0 error(s), 1 left on base; Grim 4 - Mancelona 2
BOTTOM OF THE 5TH
Mancelona Torch batting - Pitching for Grim Reapers : RHP Dave Seals
Batting: RHB Bert Cook 0-0: Ball
1-0: Ball
2-0: SINGLE (Groundball, 56)
Batting: LHB José Hernández 0-0: Called Strike
Bert Cook is caught stealing 2nd base
0-1: Ball
1-1: Fly out, F6 (Popup, 6MD)
Batting: RHB Jorge Saldaña 0-0: Ball
1-0: Called Strike
1-1: Foul Ball, location: 2F
1-2: Ball
2-2: Ball
3-2: Base on Balls
Batting: RHB Jim Unknown 0-0: Foul Ball, location: 2F
0-1: Ball
1-1: Called Strike
1-2: Foul Ball, location: 2F
1-2: Ball
2-2: DOUBLE (Flyball, 7LD)
Jorge Saldaña to third
Batting: LHB Manuel Carmona 0-0: Foul Ball, location: 2F
0-1: Ball
1-1: Foul Ball, location: 2F
1-2: Ball
2-2: Ball
3-2: Foul Ball, location: 2F
3-2: Base on Balls
Batting: RHB Juan Carlos Cruz 0-0: Called Strike
0-1: Fly out, F7 (Flyball, 7M)
Bottom of the 5th over - 0 run(s), 2 hit(s), 0 error(s), 3 left on base; Grim 4 - Mancelona 2
TOP OF THE 6TH
Grim Reapers batting - Pitching for Mancelona Torch : LHP Manuel Cruz
Batting: SHB Anthony Hopkins 0-0: TRIPLE (Line Drive, 9LM)
Batting: RHB Jules Winnfield 0-0: Ball
1-0: Ball
2-0: Ball
3-0: Base on Balls
Batting: RHB Santo Alba 0-0: Ball
1-0: Called Strike
1-1: Ball
2-1: Fly out, F7 (Flyball, 7LM)
Runner from 3rd tags up, SCORES, no throw
Batting: RHB Javier Medine 0-0: Called Strike
0-1: Called Strike
0-2: Ball
1-2: Grounds into double play, 6-4-3 (Groundball, 6)
Top of the 6th over - 1 run(s), 1 hit(s), 0 error(s), 0 left on base; Grim 5 - Mancelona 2
BOTTOM OF THE 6TH
Mancelona Torch batting - Pitching for Grim Reapers : RHP Dave Seals
Batting: RHB Ron Thomas 0-0: Called Strike
0-1: SINGLE (Groundball, 56D)
Batting: RHB Henry Lambright 0-0: Ball
1-0: Foul Ball, location: 2F
1-1: Swinging Strike
1-2: Foul Ball, location: 2F
1-2: Foul Ball, location: 2F
1-2: Ball
2-2: Strikes out swinging
Batting: LHB Jim Unknown 0-0: Foul Ball, location: 2F
0-1: Ball
1-1: Ball
Ron Thomas steals 2nd base
2-1: Ground out 3-6 (Groundball, 3)
Ron Thomas to third
Batting: RHB Bert Cook 0-0: Swinging Strike
0-1: Ball
1-1: Foul Ball, location: 2F
1-2: Ball
2-2: DOUBLE (Line Drive, 7LS)
Ron Thomas scores
Batting: LHB José Hernández 0-0: Called Strike
0-1: Foul Ball, location: 2F
0-2: Ball
1-2: Foul Ball, location: 2F
1-2: Foul Ball, location: 2F
1-2: Foul Ball, location: 2F
1-2: Ball
2-2: Foul Ball, location: 2F
2-2: Ball
3-2: Base on Balls
Pitching: RHP Lance de Valk
Batting: RHB Jorge Saldaña 0-0: Ball
1-0: Called Strike
1-1: Ball
2-1: Foul Ball, location: 2F
2-2: Foul Ball, location: 2F
2-2: Foul Ball, location: 2F
2-2: Ground out 5-3 (Groundball, 5L)
Bottom of the 6th over - 1 run(s), 2 hit(s), 0 error(s), 2 left on base; Grim 5 - Mancelona 3
TOP OF THE 7TH
Grim Reapers batting - Pitching for Mancelona Torch : LHP Manuel Cruz
Batting: LHB Edgardo Díaz 0-0: Swinging Strike
0-1: Foul Ball, location: 2F
0-2: Ball
1-2: Strikes out swinging
Batting: RHB Blair Sweeny 0-0: Ball
1-0: SINGLE (Line Drive, 6MD)
Batting: RHB Alberto Rodríguez 0-0: Grounds into double play, 5-4-3 (Groundball, 5)
Top of the 7th over - 0 run(s), 1 hit(s), 0 error(s), 0 left on base; Grim 5 - Mancelona 3
BOTTOM OF THE 7TH
Mancelona Torch batting - Pitching for Grim Reapers : RHP Lance de Valk
Batting: RHB Jim Unknown 0-0: Called Strike
0-1: Foul Ball, location: 2F
0-2: Fly out, F8 (Flyball, 8LM)
Batting: LHB Manuel Carmona 0-0: Called Strike
0-1: Foul Ball, location: 2F
0-2: Fly out, F7 (Flyball, 7M)
Batting: RHB Juan Carlos Cruz 0-0: SOLO HOME RUN (Flyball, 78XD), Distance : 433 ft
Batting: RHB Ron Thomas 0-0: Called Strike
0-1: Foul Ball, location: 2F
0-2: Strikes out swinging
Bottom of the 7th over - 1 run(s), 1 hit(s), 0 error(s), 0 left on base; Grim 5 - Mancelona 4
TOP OF THE 8TH
Grim Reapers batting - Pitching for Mancelona Torch : LHP Manuel Cruz
Batting: RHB Bill Allen 0-0: Called Strike
0-1: Ball
1-1: Foul Ball, location: 2F
1-2: SINGLE (Line Drive, 34)
Pitching: RHP Jim Unknown
Pinch Hitting: LHB Jim Unknown 0-0: Bunted foul
0-1: Sac Bunt - play at first, batter OUT! 2-4
Bill Allen to second
Pinch Hitting: SHB Ramón Pérez 0-0: Fly out, F9 (Flyball, 9LMF)
Pinch Hitting: LHB Alberto Arredondo 0-0: Ball
1-0: SINGLE (Line Drive, 4M)
Bill Allen to third
Pinch Hitting: LHB León Torres 0-0: Ball
1-0: Foul Ball, location: 2F
1-1: Swinging Strike
1-2: Ball
2-2: Ball
3-2: Foul Ball, location: 2F
3-2: Fly out, F7 (Flyball, 78M)
Top of the 8th over - 0 run(s), 2 hit(s), 0 error(s), 2 left on base; Grim 5 - Mancelona 4
BOTTOM OF THE 8TH
Mancelona Torch batting - Pitching for Grim Reapers : RHP Lance de Valk
Pitching: RHP Javier Hernández
Now at 1B: Jim Unknown
Now at 3B: León Torres
Now at SS: Ramón Pérez
Now in LF: Alberto Arredondo
Batting: RHB Henry Lambright 0-0: Called Strike
0-1: Ball
1-1: Swinging Strike
1-2: Ball
2-2: Strikes out swinging
Batting: LHB Jim Unknown 0-0: Ball
1-0: Called Strike
1-1: Called Strike
1-2: Ball
2-2: Strikes out swinging
Batting: RHB Bert Cook 0-0: Ball
1-0: Swinging Strike
1-1: Foul Ball, location: 2F
1-2: Strikes out swinging
Bottom of the 8th over - 0 run(s), 0 hit(s), 0 error(s), 0 left on base; Grim 5 - Mancelona 4
TOP OF THE 9TH
Grim Reapers batting - Pitching for Mancelona Torch : RHP Jim Unknown
Pitching: LHP Jim Unknown
Batting: RHB Javier Medine 0-0: Ball
1-0: Ball
2-0: Ground out 6-3 (Groundball, 6)
Batting: LHB Edgardo Díaz 0-0: Foul Ball, location: 2F
0-1: Ball
1-1: Foul Ball, location: 2F
1-2: Strikes out swinging
Batting: RHB Blair Sweeny 0-0: Ball
1-0: Ball
2-0: Swinging Strike
2-1: Ball
3-1: SINGLE (Line Drive, 7S)
Pinch Runner at 1st Reginald Kalkman:
Batting: RHB Alberto Rodríguez 0-0: Ball
1-0: Called Strike
Reginald Kalkman steals 2nd base
1-1: Called Strike
1-2: Strikes out swinging
Top of the 9th over - 0 run(s), 1 hit(s), 0 error(s), 1 left on base; Grim 5 - Mancelona 4
BOTTOM OF THE 9TH
Mancelona Torch batting - Pitching for Grim Reapers : RHP Javier Hernández
Pitching: RHP Jorge Rivera
Now at C: Bernardo Rodríguez
Batting: LHB José Hernández 0-0: SINGLE (Groundball, 4M) (infield hit)
Batting: RHB Jorge Saldaña 0-0: Bunted foul
0-1: Bunt missed!
0-2: Fly out, F9 (Flyball, 9LS)
Batting: RHB Jim Unknown 0-0: Called Strike
0-1: Foul Ball, location: 2F
0-2: Ball
1-2: Ball
2-2: Foul Ball, location: 2F
2-2: Fly out, F9 (Flyball, 89M)
Batting: LHB Manuel Carmona 0-0: Foul Ball, location: 2F
0-1: Ball
1-1: Ball
2-1: Fly out, F2 (Popup, 2LF)
Bottom of the 9th over - 0 run(s), 1 hit(s), 0 error(s), 1 left on base; Grim 5 - Mancelona 4
This league is powered by Out of the Park Baseball, the baseball management simulation game for PC, Mac and Linux
Friday, July 8th, 2016 - OOTP Baseball 16.9 Build 39